 Dungeon Crawl Stone Soup version 0.30-a0-358-g0d69a1922f (webtiles) character file.

Game seed: 6507790495783432153

3893 IdlyInterested the Fighter (level 10, -5/132 HPs)
             Began as a Demonspawn Wanderer on Nov 10, 2022.
             Killed from afar by a steam dragon (24 damage)
             ... with a ball of steam
             ... on level 7 of the Dungeon.
             The game lasted 00:24:46 (6403 turns).

IdlyInterested the Fighter (Demonspawn Wanderer)    Turns: 6403, Time: 00:24:48

Health: -5/132     AC:  2    Str: 14    XL:     10   Next: 0%
Magic:  16/16      EV: 11    Int: 18    God:
Gold:   219        SH:  0    Dex: 14    Spells: 14/17 levels left

rFire   x . .      SeeInvis .    m - +4 long sword of the Heavens {flame, Will+ Str+3}
rCold   + . .      Faith    .    (no shield)
rNeg    . . .      Spirit   .    w - +1 robe {Will+}
rPois   .          Reflect  .    (no helmet)
rElec   .          Harm     .    q - +2 cloak
rCorr   +          Rampage  .    (no gloves)
Will    ++...                    (no boots)
Stlth   ..........               u - amulet of regeneration
HPRegen 1.22/turn                k - ring of ice
MPRegen 0.15/turn                A - ring of resist corrosion

@: mighty, berserking, corroded, very quick
A: powered by death 1, powered by pain 1, demonic touch 2
a: no special abilities


You were on level 7 of the Dungeon.
You visited 1 branch of the dungeon, and saw 7 of its levels.
You also visited: Sewer and Ossuary.

You collected 389 gold pieces.
You spent 170 gold pieces at shops.

Inventory:

Hand Weapons
 a - a +2 short sword
 m - the +4 long sword of the Heavens (weapon) {flame, Will+ Str+3}
   (You found it on level 2 of the Dungeon)

   It burns those it strikes, dealing additional fire damage.
   Big, fiery blades are also staple armaments of hydra-hunters.
   Str:       It affects your strength (+3).
   Will:      It increases your willpower.
 n - a +2 quarterstaff of chaos
 E - the +0 trident "Vyw Kate" {flame, Dex+6}
   (You bought it in a shop on level 2 of the Dungeon)

   It burns those it strikes, dealing additional fire damage.
   Dex:       It affects your dexterity (+6).
Missiles
 e - 65 stones (quivered)
 j - 6 boomerangs
 F - 4 poisoned darts
Armour
 i - a +1 pair of gloves
 p - +0 steam dragon scales
 q - a +2 cloak (worn)
 w - a +1 robe of willpower (worn)
Magical Staves
 H - a staff of fire
Jewellery
 k - a ring of ice (left hand)
 u - an amulet of regeneration (around neck)
 A - a ring of resist corrosion (right hand)
 I - an amulet of the acrobat
Wands
 f - a wand of polymorph (6)
Scrolls
 c - a scroll of fear
 d - 5 scrolls of teleportation
 s - 4 scrolls of fog
 y - a scroll of blinking
 B - a scroll of amnesia
 C - 2 scrolls of identify
Potions
 b - a potion of might
 g - 2 potions of magic
 h - 2 potions of lignification
 o - 9 potions of curing
 r - a potion of heal wounds
 t - 3 potions of attraction
 v - 2 potions of haste
 x - 4 potions of flight
 z - 2 potions of cancellation
 D - a potion of mutation
 G - a potion of brilliance


   Skills:
 * Level 11.3 Fighting
 - Level 2.6 Short Blades
 - Level 1.0 Throwing
 - Level 1.0 Armour
 - Level 1.0 Dodging
 - Level 1.0 Stealth
 - Level 1.0 Shields
 * Level 5.4 Unarmed Combat
 - Level 4.0 Spellcasting
 - Level 4.0 Ice Magic
 - Level 1.2 Invocations
 * Level 3.4 Evocations


You had 14 spell levels left.
You knew the following spells:

 Your Spells              Type           Power      Damage    Failure   Level
b - Frozen Ramparts       Ice            54%        1d9       9%          3

Your spell library contained the following spells:

 Spells                   Type           Power      Damage    Failure   Level
 Freeze                   Ice            100%       1d10      2%          1
 Magic Dart               Conj           12%        1d3       14%         1
 Shock                    Conj/Air       12%        1d3       14%         1
 Blink                    Tloc           6%         N/A       22%         2
 Call Imp                 Summ           3%         N/A       22%         2
 Momentum Strike          Conj/Tloc      6%         3d8       22%         2
 Lesser Beckoning         Tloc           6%         N/A       41%         3
 Mephitic Cloud           Conj/Pois/Air  3%         N/A       41%         3
 Swiftness                Air            3%         N/A       41%         3
 Airstrike                Air            1%         2d(1-17)  82%         4


Dungeon Overview and Level Annotations

Branches:
Dungeon (7/15)              Sewer (visited)         Ossuary (visited)
 Temple: D:4-7

Altars:
Okawaru
Qazlal
Wu Jian

Shops:
D:2 (


Innate Abilities, Weirdness & Mutations

You regenerate a little health from kills.
You sometimes gain a little power by taking damage.
Your touch may inflict irresistible damage on your foes.


Message History

The brown ugly thing is moderately wounded.
A water moccasin comes into view.
The brown ugly thing engulfs you.
* * * LOW HITPOINT WARNING * * *
You are splashed with acid.
You resist.
* * * LOW HITPOINT WARNING * * *
The centaur shoots an arrow.
The arrow hits you.
* * * LOW HITPOINT WARNING * * *
The brown ugly thing engulfs you but does no damage.
The centaur shoots an arrow.
The arrow completely misses you.
The water moccasin hisses angrily.
You hear a howl!
You feel much better. The brown ugly thing engulfs you!
You are splashed with acid.
You resist.
A red film seems to cover your vision as you go berserk!
You feel yourself moving faster!
You feel mighty!
The centaur shoots an arrow.
The arrow barely misses you.
A howler monkey comes into view.
The brown ugly thing engulfs you!
* * * LOW HITPOINT WARNING * * *
You are splashed with acid.
You resist.
* * * LOW HITPOINT WARNING * * *
The centaur shoots an arrow.
The arrow hits you!
* * * LOW HITPOINT WARNING * * *
You slash the brown ugly thing! You burn the brown ugly thing.
The brown ugly thing is heavily wounded.
The centaur shoots an arrow.
The arrow hits you.
* * * LOW HITPOINT WARNING * * *
The brown ugly thing completely misses you.
Unknown command.
You slash the brown ugly thing! You burn the brown ugly thing.
Your touch misses the brown ugly thing.
The brown ugly thing is severely wounded.
You slice the brown ugly thing!! You burn the brown ugly thing.
You kill the brown ugly thing!
The centaur unwields a +0 shortbow.
The centaur hits you.
* * * LOW HITPOINT WARNING * * *
The centaur barely misses you. The steam dragon breathes steam at you.
The ball of steam hits you!! The steam scalds you terribly!
You die...

#.##..# ## T.... ..
#.## :. ....##. ... #.
....## .... #)###.....
...## #.h.....# ..# #
TD#....#
#.###ยง#....##..
#.oSc@#........
.....#.......#... .###
#)###...###...#
.....#.............#
.........#....#.....##.
c....###.#...##........
.........#...........#.
................#.....
........###..#......###


You could see a troll, a steam dragon (catching breath), a water moccasin, a
centaur, a howler monkey and an orc.

Vanquished Creatures
  Pikel (D:4)
  An ugly thing (D:7)
  A cyclops (D:7)
  Maggie (D:6)
  A yak (D:7)
  A wyvern (D:6)
  A warg (D:6)
  A black bear (D:4)
  3 ice beasts
  3 centaurs
  A kobold brigand (D:6)
  2 bullfrogs (D:6)
  A necrophage (D:4)
  6 scorpions
  5 water moccasin zombies (Ossuary)
  3 wights (D:7)
  A howler monkey (D:4)
  A jelly (D:4)
  3 hounds
  Crazy Yiuf (D:2)
  An iguana (D:5)
  Jessica (D:2)
  Natasha (thrice) (D:2)
  3 orc wizards (D:5)
  2 mummies (Ossuary)
  6 river rats (Sewer)
  9 adders
  2 shadow imps
  2 white imps
  4 adder zombies (Ossuary)
  4 worms
  2 dart slugs (D:1)
  11 orcs
  15 ball pythons
  11 bats
  6 endoplasms
  10 giant cockroaches
  5 goblins
  3 hobgoblins
  10 jackals
  10 kobolds
  2 quokkas
  2 frilled lizards (D:1)
  2 gnoll zombies (Ossuary)
  5 hobgoblin zombies (Ossuary)
  2 kobold zombies (Ossuary)
  9 orc zombies (Ossuary)
  4 rats
184 creatures vanquished.

Vanquished Creatures (others)
  A fungus (D:2)
1 creature vanquished.

Grand Total: 185 creatures vanquished

Notes
Turn   | Place    | Note
-------+----------+-------------------------------------------
     0 | D:1      | IdlyInterested the Demonspawn Wanderer began the quest for
                  | the Orb.
     0 | D:1      | IdlyInterested set off with the following items: a +2 short
                  | sword, a +0 buckler, a scroll of fear, a +0 robe; and the
                  | following spell memorised: Freeze; and the following spells
                  | available to memorise: Frozen Ramparts.
     0 | D:1      | Reached XP level 1. HP: 13/13 MP: 5/5
   200 | D:1      | Reached skill level 1 in Stealth
   269 | D:1      | Gained mutation: You sometimes gain a little power by
                  | taking damage. [demonic ancestry]
   269 | D:1      | Reached XP level 2. HP: 16/20 MP: 7/7
   385 | D:1      | Reached skill level 1 in Fighting
   445 | D:1      | Reached skill level 1 in Dodging
   757 | D:1      | Found a faded altar of an unknown god.
   963 | D:2      | Gained mutation: Your touch may inflict minor irresistible
                  | damage on your foes. [demonic ancestry]
   963 | D:2      | Reached XP level 3. HP: 10/26 MP: 8/8
  1151 | D:2      | Reached skill level 1 in Armour
  1157 | D:2      | Identified the +4 long sword of the Heavens {flame, Will+
                  | Str+3}
  1296 | D:2      | Found Qeadol's Antique Weapon Boutique.
  1337 | D:2      | Noticed Natasha
  1344 | D:2      | Killed Natasha
  1345 | D:2      | Reached skill level 2 in Fighting
  1345 | D:2      | Reached skill level 1 in Unarmed Combat
  1345 | D:2      | Reached XP level 4. HP: 21/33 MP: 10/10
  1410 | D:2      | Noticed Jessica
  1415 | D:2      | Reached skill level 1 in Evocations
  1417 | D:2      | Killed Jessica
  1567 | D:2      | Noticed Natasha
  1624 | D:2      | Killed Natasha
  1750 | D:2      | Found a runed translucent door.
  1751 | D:2      | Noticed Crazy Yiuf
  1756 | D:2      | Killed Crazy Yiuf
  1757 | D:2      | Reached XP level 5. HP: 33/39 MP: 11/11
  1838 | D:2      | Noticed Natasha
  1842 | D:2      | Killed Natasha
  1849 | D:2      | Learned a level 3 spell: Frozen Ramparts
  1949 | D:3      | Reached skill level 3 in Fighting
  2139 | D:3      | Noticed a centaur
  2146 | D:3      | Killed a centaur
  2147 | D:3      | Reached skill level 1 in Ice Magic
  2229 | D:3      | Noticed an ice beast
  2234 | D:3      | Killed an ice beast
  2235 | D:3      | Reached XP level 6. HP: 43/48 MP: 12/12
  2659 | D:4      | Reached skill level 4 in Fighting
  2830 | D:4      | Gained mutation: Your touch may inflict irresistible damage
                  | on your foes. [demonic ancestry]
  2830 | D:4      | Reached XP level 7. HP: 44/55 MP: 13/13
  2915 | D:4      | Noticed Pikel
  2929 | D:4      | Killed Pikel
  2930 | D:4      | Reached skill level 6 in Fighting
  2930 | D:4      | Gained mutation: You regenerate a little health from kills.
                  | [demonic ancestry]
  2930 | D:4      | Reached XP level 8. HP: 26/64 MP: 14/14
  3697 | D:5      | Entered Level 5 of the Dungeon
  3799 | D:5      | Found a sand-covered staircase.
  3819 | Ossuary  | Entered an ossuary
  3866 | Ossuary  | Reached skill level 7 in Fighting
  4043 | D:5      | Reached skill level 8 in Fighting
  4059 | D:5      | Found a glowing drain.
  4082 | Sewer    | Entered a sewer
  4967 | D:5      | Found an ornate altar of the Wu Jian Council.
  4972 | D:5      | Noticed a spectral centipede
  4972 | D:5      | Noticed a spectral black mamba
  5149 | D:2      | Bought a smouldering trident for 170 gold pieces
  5149 | D:2      | Identified the +0 trident "Vyw Kate" {flame, Dex+6} (You
                  | bought it in a shop on level 2 of the Dungeon)
  5309 | D:6      | Found a stormy altar of Qazlal.
  5407 | D:6      | Reached XP level 9. HP: 75/75 MP: 15/15
  5468 | D:6      | Noticed Maggie
  5483 | D:6      | Killed Maggie
  5484 | D:6      | Reached skill level 9 in Fighting
  5598 | D:6      | Noticed a two-headed ogre
  5599 | D:6      | a two-headed ogre changed into a warg
  5606 | D:6      | Reached skill level 5 in Unarmed Combat
  5620 | D:6      | Found an iron altar of Okawaru.
  5765 | D:6      | Reached skill level 10 in Fighting
  6386 | D:7      | Reached skill level 11 in Fighting
  6387 | D:7      | Noticed a cyclops
  6389 | D:7      | Noticed a troll
  6391 | D:7      | Noticed a brown ugly thing
  6395 | D:7      | Killed a cyclops
  6396 | D:7      | Reached XP level 10. HP: 51/88 MP: 16/16
  6403 | D:7      | Killed a brown ugly thing
  6403 | D:7      | Killed from afar by a steam dragon

Illustrated notes

Levels and vault maps discovered:
D:1:      dpeg_arrival_castle, layout_basic, chequers_ecumenical_altar_lobes
D:2:      layout_basic, serial_shops, nicolae_shop_stone,
          uniq_crazy_yiuf_cottage, uniq_jessica, uniq_natasha
D:3:      layout_rooms, serial_curves, eino_curves_03, eino_curves_04,
          palyth_stone_intersect, nicolae_titane
D:4:      layout_loops_ring, grunt_decor_resistance, minmay_crossroads,
          uniq_pikel
D:5:      layout_cave_pools, pdpol_wu_jian_five_deadly_venoms,
          gup_sewer_entry_glass, nicolae_ossuary_entry_monument
D:6:      layout_loops_corners, mainiacjoe_overflow_small_starburst,
          okawaru_metal_pillars_1_2, amcnicky_altar_gilded, uniq_maggie
D:7:      hangedman_cross_stitches, layout_cave_pools,
          nicolae_tso_besieged_by_evil, minmay_temple_entry_statues_pillars

Skill      XL: |  1  2  3  4  5  6  7  8  9 |
---------------+----------------------------+-----
Stealth        | 1 |  1.0
Fighting       | 1 2 3 4 6 8 11 | 11.3
Dodging        | 1 |  1.0
Armour         | 1 |  1.0
Unarmed Combat | 1 2 3 4 5 |  5.4
Evocations     | 1 2 3 |  3.4
Ice Magic      | 1 2 3 4 |  4.0
Short Blades   | |  2.6
Throwing       | |  1.0
Shields        | |  1.0
Spellcasting   | |  4.0
Invocations    | |  1.2

Action                   |  1- 3 |  4- 6 |  7- 9 | 10-12 || total
-------------------------+-------+-------+-------+-------++-------
Melee: Short sword       |    62 |       |       |       ||    62
       Long sword        |     9 |    81 |   264 |     6 ||   360
       Touch             |     2 |    14 |    51 |       ||    67
       Punch             |       |       |    11 |       ||    11
Throw: Stone             |       |     2 |     3 |       ||     5
 Cast: Frozen Ramparts   |       |       |     3 |       ||     3
Evoke: Wand              |       |       |     1 |       ||     1
  Use: Scroll            |     6 |     3 |     8 |       ||    17
       Potion            |       |       |     6 |     2 ||     8
 Stab: Sleeping          |     3 |     1 |     3 |       ||     7
Armor: Robe              |     6 |       |   135 |     1 ||   142
       Leather armour    |    13 |    12 |       |       ||    25
       Ring mail         |       |    33 |     4 |       ||    37
Dodge: Dodged            |    25 |    48 |   215 |     5 ||   293
Block: Buckler           |     4 |       |       |       ||     4

Table legend: (Time is in decaauts)
 A = Elapsed time spent in this place.
 B = Non-inter-level travel time spent in this place.
 C = Inter-level travel time spent in this place.
 D = Time resting spent in this place.
 E = Time spent auto-exploring this place.
 F = Levels seen in this place.
 G = Mean time per level.
                   A        B        C        D        E       F      G
               +--------+--------+--------+--------+--------+-----+--------+
         Total |   6709 |   5804 |    905 |    424 |   3089 |   9 |  745.4 |
       Dungeon |   5676 |   4771 |    905 |    424 |   2818 |   7 |  810.9 |
         Sewer |    863 |    863 |      0 |      0 |    271 |   1 |  863.0 |
       Ossuary |    170 |    170 |      0 |      0 |      0 |   1 |  170.0 |
               +--------+--------+--------+--------+--------+-----+--------+

Top non-repeatable levels by time:
     D:1: 1085 daAuts
     D:4: 1012 daAuts
     D:6: 1000 daAuts
     D:3: 945 daAuts
     D:2: 891 daAuts
   Sewer: 863 daAuts
     D:5: 656 daAuts
 Ossuary: 170 daAuts
     D:7: 84 daAuts
